 Dungeon Crawl Stone Soup version 0.29-a0-914-g906f1d757c (webtiles) character file.

Game seed: 11655088112651010604

23 Alarak the Magician (level 2, -4/15 HPs)
             Began as a Deep Elf Fire Elementalist on July 27, 2022.
             Succumbed to a kobold's poison
             ... on level 1 of the Dungeon.
             The game lasted 00:02:22 (1609 turns).

Alarak the Magician (Deep Elf Fire Elementalist)    Turns: 1609, Time: 00:02:23

Health: -4/15      AC:  2    Str:  5    XL:     2   Next: 72%
Magic:  7/9        EV: 12    Int: 19    God:
Gold:   79         SH:  0    Dex: 15    Spells: 9/10 levels left

rFire   . . .      SeeInvis .   (no weapon)
rCold   . . .      Faith    .   (no shield)
rNeg    . . .      Spirit   .   a - +0 robe
rPois   .          Reflect  .   (no helmet)
rElec   .          Harm     .   (no cloak)
rCorr   .          Rampage  .   (no gloves)
Will    .....                   (no boots)
Stlth   ++........              (no amulet)
HPRegen 0.05/turn               (no ring)
MPRegen 0.11/turn               (no ring)

@: lethally poisoned (-4 -> -33)
A: no striking features
a: no special abilities


You were on level 1 of the Dungeon.
You visited 1 branch of the dungeon, and saw 1 of its levels.

You collected 79 gold pieces.

Inventory:

Armour
 a - a +0 robe (worn)
Scrolls
 c - 2 scrolls of poison {unknown}
 g - a scroll of vulnerability {unknown}
Potions
 b - a potion of magic
 d - 2 potions of brilliance {unknown}
 e - a potion of resistance {unknown}
 f - a potion of curing {unknown}


   Skills:
 - Level 2.4 Dodging
 - Level 2.4 Stealth
 + Level 4.7 Spellcasting
 - Level 1.1 Conjurations
 - Level 3.2 Fire Magic


You had 9 spell levels left.
You knew the following spells:

 Your Spells              Type           Power      Damage    Failure   Level
a - Foxfire               Conj/Fire      48%        2x1d6     5%          1

Your spell library contained the following spells:

 Spells                   Type           Power      Damage    Failure   Level
 Scorch                   Fire           32%        2d7       4%          2
 Conjure Flame            Conj/Fire      12%        6-21      16%         3
 Inner Flame              Hex/Fire       10%        N/A       21%         3
 Flame Wave               Conj/Fire      12%        2d6       45%         4


Dungeon Overview and Level Annotations

Branches:
Dungeon (1/15)

Altars:


Message History

Your foxfire dissipates!
Your foxfire dissipates! x3
Your foxfire dissipates! x2
You now have 79 gold pieces (gained 12).
A giant cockroach comes into view.
You conjure some foxfire!
You conjure some foxfire!
You conjure some foxfire!
The foxfire hits the giant cockroach but does no damage.
The foxfire hits the giant cockroach.
The giant cockroach is severely wounded.
A giant cockroach is nearby!
You conjure some foxfire!
The foxfire hits the giant cockroach.
You kill the giant cockroach!
You conjure some foxfire!
Your foxfire dissipates!
Your foxfire dissipates!
Your foxfire dissipates!
Your foxfire dissipates! x2
A kobold comes into view. It is wielding a +2 dagger of venom.
The kobold shouts!
You hear a shout!
You hear an angry hiss.
A kobold is nearby!
You conjure some foxfire!
A kobold comes into view. It is wielding a +2 dagger of venom.
The kobold hits you with a +2 dagger of venom.
You are poisoned.
You feel sick.
The foxfire hits the kobold.
The kobold is severely wounded.
The kobold hits you with a +2 dagger of venom.
The kobold hits you but does no damage.
You conjure some foxfire!
You feel sick.
The kobold hits you with a +2 dagger of venom.
* * * LOW HITPOINT WARNING * * *
You are more poisoned.
The kobold hits you with a +2 dagger of venom.
* * * LOW HITPOINT WARNING * * *
You are more poisoned.
Your foxfire dissipates!
The kobold attacks as you move away! The kobold barely misses you.
You die...

..# ##...⌠...##.....#.# #..##.#
..# ##)._..##..#####.###..##.#
†.# ##...##...........#..##.#
..#######...###.........>...##.#
........#...# #.##########.###.#
..#######...##.. ..... #.# #.#
### #.....### ... #.# #.#
#.#.#.#####K## #.# #.#
#.#†#....@.v.# #.# #.#
#.#.#######K.# #.###.## #.#.#
..# #....†.# #.#.# ..# ########
#.#.# ..# #.#.. ..# #.# .#


You could see 2 kobolds.

Vanquished Creatures
  4 endoplasms (D:1)
  2 giant cockroaches (D:1)
  2 goblins (D:1)
  3 hobgoblins (D:1)
  2 kobolds (D:1)
  2 ball pythons (D:1)
  A bat (D:1)
  2 frilled lizards (D:1)
  2 rats (D:1)
20 creatures vanquished.

Vanquished Creatures (others)
  79 foxfires (D:1)
79 creatures vanquished.

Grand Total: 99 creatures vanquished

Notes
Turn   | Place    | Note
-------+----------+-------------------------------------------
     0 | D:1      | Alarak the Deep Elf Fire Elementalist began the quest for
                  | the Orb.
     0 | D:1      | Reached XP level 1. HP: 10/10 MP: 6/6
   802 | D:1      | Reached skill level 4 in Spellcasting
   802 | D:1      | Reached XP level 2. HP: 13/15 MP: 6/9
  1367 | D:1      | Found a faded altar of an unknown god.
  1609 | D:1      | Succumbed to a kobold's poison

Illustrated notes

Levels and vault maps discovered:
D:1:      psy_arrival_radial02, layout_basic,
          hellmonk_ecumenical_altar_crossroads, hangedman_decor_opposing

Skill      XL: |  1 |
---------------+----+-----
Spellcasting   | 4 |  4.7
Dodging        | |  2.4
Stealth        | |  2.4
Conjurations   | |  1.1
Fire Magic     | |  3.2

Action                   || total
-------------------------++-------
 Cast: Foxfire           ||    53
Armor: Robe              ||     1
Dodge: Dodged            ||     1

Table legend: (Time is in decaauts)
 A = Elapsed time spent in this place.
 B = Non-inter-level travel time spent in this place.
 C = Inter-level travel time spent in this place.
 D = Time resting spent in this place.
 E = Time spent auto-exploring this place.
 F = Levels seen in this place.
 G = Mean time per level.
                   A        B        C        D        E       F      G
               +--------+--------+--------+--------+--------+-----+--------+
         Total |   1609 |   1609 |      0 |      0 |   1498 |   1 | 1609.0 |
       Dungeon |   1609 |   1609 |      0 |      0 |   1498 |   1 | 1609.0 |
               +--------+--------+--------+--------+--------+-----+--------+

Top non-repeatable levels by time:
     D:1: 1609 daAuts
